 Dungeon Crawl Stone Soup version 0.29.1-2-gbd0b4ee654 (webtiles) character file.

Game seed: 6500800523068602941

2292 unlimited1921 the Thaumaturge (level 9, 0/56 HPs)
             Began as a Djinni Fire Elementalist on Nov 17, 2022.
             Was an Initiate of Gozag.
             Slain by a komodo dragon (28 damage)
             ... on level 7 of the Dungeon.
             The game lasted 00:38:24 (11116 turns).

unlimited1921 the Thaumaturge (DjFE)               Turns: 11116, Time: 00:38:25

Health: 0/56       AC:  6    Str:  7    XL:     9   Next: 67%
Gold:   36         EV: 12    Int: 29    God:    Gozag SH:  4 Dex: 17

rFire   + + +      SeeInvis .   r - +12 mace "Fabann" {freeze, rF+ Dex+2}
rCold   x . .      Faith    .   l - +0 buckler
rNeg    . . .      Spirit   .   A - +0 robe {Will+}
rPois   ∞          Reflect  .   j - +2 helmet {Int+3}
rElec   .          Harm     .   v - +0 cloak
rCorr   .          Rampage  .   (no gloves)
Will    +....                   (boots unavailable)
Stlth   +++.......              C - amulet of the acrobat
HPRegen 0.18/turn               i - +6 ring of intelligence
MPRegen 0.00/turn               w - ring of protection from fire

@: flying
A: sickness immunity, fire resistance 2, cold vulnerability 1, float, innate
caster, HP casting, extra vitality 1
a: Renounce Religion, Potion Petition, Call Merchant, Bribe Branch


You were on level 7 of the Dungeon.
You worshipped Gozag.
Gozag was noncommittal.
You visited 2 branches of the dungeon, and saw 8 of its levels.

You collected 713 gold pieces.
You spent 625 gold pieces at shops.
You paid 52 gold pieces to Gozag.

Inventory:

Hand Weapons
 r - the +12 mace "Fabann" (weapon) {freeze, rF+ Dex+2}
   (You found it on level 4 of the Dungeon)

   It freezes those it strikes, dealing additional cold damage.
   It can also slow down cold-blooded creatures.
   Dex:       It affects your dexterity (+2).
   rF:        It protects you from fire.
 y - a +2 short sword of protection
 B - a +4 trident of freezing
Missiles
 s - 4 boomerangs
 z - 2 throwing nets
Armour
 j - a +2 helmet of intelligence (worn)
 l - a +0 buckler (worn)
 m - an orb of guile
 v - a +0 cloak (worn)
 A - a +0 robe of willpower (worn)
Jewellery
 i - a +6 ring of intelligence (left hand)
 w - a ring of protection from fire (right hand)
 C - an amulet of the acrobat (around neck)
Scrolls
 a - a scroll of identify
 b - 4 scrolls of enchant weapon {unknown}
 e - 2 scrolls of noise {unknown}
 f - 5 scrolls of teleportation {unknown}
 g - 2 scrolls of enchant armour
 h - 2 scrolls of poison {unknown}
 k - a scroll of silence {unknown}
 p - 2 scrolls of blinking
 u - 2 scrolls of immolation
Potions
 c - 4 potions of flight {unknown}
 d - a potion of lignification
 n - a potion of mutation
 o - a potion of might
 q - 2 potions of curing
 t - 3 potions of brilliance
 x - a potion of degeneration {unknown}


   Skills:
 + Level 0.4 Fighting
 + Level 0.9 Armour
 + Level 2.5 Dodging
 + Level 3.8 Stealth
 + Level 9.2 Spellcasting


You had 3 spell levels left.
You knew the following spells:

 Your Spells              Type           Power      Damage    Failure   Level
a - Foxfire               Conj/Fire      100%       2x1d9     1%          1
b - Scorch                Fire           100%       2d10      1%          2
c - Conjure Flame         Conj/Fire      61%        6-21      1%          3
d - Inner Flame           Hex/Fire       61%        N/A       1%          3
e - Flame Wave            Conj/Fire      61%        2d14      1%          4
f - Slow                  Hex            100%       N/A       1%          1
g - Searing Ray           Conj           100%       2d8       1%          2
h - Call Canine Familiar  Summ           61%        N/A       1%          3
i - Anguish               Hex/Necr       30%        N/A       1%          4
Your spell library was empty.

Dungeon Overview and Level Annotations

Branches:
Dungeon (7/15)             Temple (1/1) D:5

Altars:
Ashenzari
Cheibriados
Dithmenos
Elyvilon
Gozag
Hepliaklqana
Makhleb
Nemelex Xobeh
Okawaru
Qazlal
Ru
Trog
Uskayaw
Wu Jian
Xom
Yredelemnul
Zin

Shops:
D:4 *[?(=   D:5 :!


Innate Abilities, Weirdness & Mutations

You are immune to sickness and miasma.
You are immune to poison.
Your flesh is very heat resistant. (rF++)
You are vulnerable to cold. (rC-)
You float through the air rather than walking.
You learn spells naturally, not from books.
Your magical power is your life essence.
You have superior vitality. (+4 MHP)


Message History

Your foxfire dissipates!
You start resting.
You hear an angry hiss. x8
A komodo dragon comes into view.
Casting: Inner Flame (safe; 1% risk of failure)
Confirm with . or Enter, or press ? or * to list all spells.
Okay, then.
Unknown command.
Casting: Inner Flame (safe; 1% risk of failure)
Confirm with . or Enter, or press ? or * to list all spells.
Casting: Anguish (dangerous; 1% risk of failure)
Press: ? - help, Dir - look around, f - activate The komodo dragon is haunted by guilt!
No target in view!
No target in view!
You see here 20 gold pieces. 2 frilled lizards and an iguana come into view.
A frilled lizard comes into view.
The komodo dragon completely misses you.
The frilled lizard moves out of view.
The frilled lizard hisses angrily.
The iguana hisses angrily.
You hit the komodo dragon but do no damage.
You hear an angry hiss.
The komodo dragon bites you!!
The komodo dragon is wracked by anguish!!
You hear an angry hiss. x2
The frilled lizard hisses angrily.
You thump the komodo dragon! You freeze the komodo dragon.
The komodo dragon is severely wounded.
The komodo dragon closely misses you.
The komodo dragon completely misses you.
The frilled lizard attacks as you move away!
You block the frilled lizard's attack.
Casting: Anguish (dangerous; 1% risk of failure)
Confirm with . or Enter, or press ? or * to list all spells.
The komodo dragon attacks as you move away!
The komodo dragon bites you!!
Ouch! That really hurt!
You die...
Your body crumbles into a pile of gold.

#..##..## #. ##.#...# #.
#.....##.. ####. #
###.........##.#.. ..
####...........##.... ...
#...............##...
.#.l....##........#.######
....... #h........### #
......###@...##.....
........ll.......##.
###....l...........
#..........#.....
#.......$........
#..#.........$...
................<
.............#...
.......##........


You could see a komodo dragon (anguished), 2 frilled lizards and a friendly warg
(summoned).

Vanquished Creatures
  A water moccasin (D:6)
  A sky beast (D:6)
  2 centaurs
  2 phantoms
  A necrophage (D:5)
  10 scorpions
  7 wights (D:6)
  A killer bee (D:6)
  A howler monkey (D:5)
  A jelly (D:5)
  2 hounds (D:4)
  2 gnoll boudas (D:5)
  4 iguanas
  An orc wizard (D:5)
  14 gnolls (D:5)
  6 adders
  A shadow imp (D:5)
  A white imp (D:7)
  3 ufetubi
  4 worms (D:2)
  3 dart slugs
  8 orcs
  6 bats
  3 endoplasms
  7 giant cockroaches
  3 goblins
  5 hobgoblins
  3 jackals (D:2)
  4 quokkas
  7 ball pythons
  3 frilled lizards
  6 kobolds
  3 rats (D:2)
  A butterfly (D:6)
127 creatures vanquished.

Vanquished Creatures (collateral kills)
  A bullfrog (D:6)
  A wight (D:6)
2 creatures vanquished.

Vanquished Creatures (others)
  301 foxfires
  7 plants (D:7)
308 creatures vanquished.

Grand Total: 437 creatures vanquished

Notes
Turn   | Place    | Note
-------+----------+-------------------------------------------
     0 | D:1      | unlimited1921 the Djinni Fire Elementalist began the quest
                  | for the Orb.
     0 | D:1      | unlimited1921 set off with the following spells memorised:
                  | Foxfire, Scorch, Conjure Flame, Inner Flame, Flame Wave.
     0 | D:1      | Reached XP level 1. HP: 15/15 MP: 0/0
   756 | D:1      | Reached XP level 2. HP: 17/21 MP: 0/0
  1401 | D:1      | Found a faded altar of an unknown god.
  1438 | D:1      | Reached skill level 3 in Spellcasting
  1638 | D:2      | Reached XP level 3. HP: 18/25 MP: 0/0
  1638 | D:2      | Learned a level 1 spell: Slow
  3315 | D:2      | Reached XP level 4. HP: 29/31 MP: 0/0
  5104 | D:4      | Reached skill level 4 in Spellcasting
  5104 | D:4      | Reached XP level 5. HP: 30/35 MP: 0/0
  5104 | D:4      | Learned a level 2 spell: Searing Ray
  5363 | D:4      | Found Ucivaico's Magic Scroll Shoppe.
  5529 | D:4      | Bought a scroll of blinking for 90 gold pieces
  5529 | D:4      | Bought a scroll of identify for 24 gold pieces
  5619 | D:4      | Found an ornate altar of the Wu Jian Council.
  5619 | D:4      | Found an opulent altar of Gozag.
  5703 | D:4      | Found Noditic's Jewellery Emporium.
  5844 | D:4      | Reached XP level 6. HP: 29/40 MP: 0/0
  5926 | D:4      | Found Temabb's Weapon Shoppe.
  6065 | D:4      | Became a worshipper of Gozag Ym Sagoz the Greedy
  6104 | D:4      | Found Jevasux's Antique Armour Emporium.
  6251 | D:4      | Identified the +12 mace "Fabann" {freeze, rF+ Dex+2}
  6255 | D:4      | Found Ommeac's Assorted Antiques.
  6301 | D:4      | Found a snail-covered altar of Cheibriados.
  6360 | D:5      | Entered Level 5 of the Dungeon
  6887 | D:5      | Reached skill level 5 in Spellcasting
  6887 | D:5      | Reached XP level 7. HP: 15/45 MP: 0/0
  6887 | D:5      | Learned a level 3 spell: Call Canine Familiar
  7228 | D:5      | Reached skill level 6 in Spellcasting
  7724 | D:5      | Found Miyxoemoim's Book Emporium.
  7812 | D:5      | Found a staircase to the Ecumenical Temple.
  7819 | D:5      | Found Jucrif's Distillery.
  7828 | D:5      | Bought a potion of curing for 39 gold pieces
  7828 | D:5      | Bought a potion of brilliance for 52 gold pieces
  7934 | D:5      | Reached XP level 8. HP: 39/50 MP: 0/0
  7970 | Temple   | Entered the Ecumenical Temple
  9330 | D:6      | Reached skill level 7 in Spellcasting
  9700 | D:6      | Reached XP level 9. HP: 41/55 MP: 0/0
  9700 | D:6      | Learned a level 4 spell: Anguish
  9712 | D:6      | Reached skill level 8 in Spellcasting
 10289 | D:6      | Found a runed translucent door.
 10291 | D:6      | Found a runed translucent door.
 10302 | D:6      | Reached skill level 9 in Spellcasting
 10663 | D:4      | Bought an amulet of the acrobat for 420 gold pieces
 11106 | D:7      | Noticed a komodo dragon
 11116 | D:7      | Slain by a komodo dragon

Illustrated notes

Levels and vault maps discovered:
D:1:      ebering_trefoil_3fold, layout_loops_ring, basic_ecumenical_altar,
          chequers_decorated_corner
D:2:      layout_basic, minmay_misc_feat_enclosed, st_stairs_12,
          minmay_liquid_box
D:3:      layout_rooms, nrook_campfire
D:4:      layout_cave_pools, slow_altar_2, gammafunk_temple_overflow_elements,
          serial_shops, nicolae_shop_hallway_plus, nicolae_shop_hallway_plus,
          shop, shop_fountains, shop
D:5:      layout_basic, minmay_temple_entry_purple_smoke, serial_shops,
          nicolae_shop_waterfront, shop
D:6:      lemuel_insect_pit, layout_basic, mainiacjoe_overflow_brackets,
          roderic_cross_of_infinity
D:7:      layout_layer_cave, amcnicky_altar_gilded,
          mainiacjoe_overflow_surrounded_room, st_stairs_14, minmay_lizard_king
Temple:   nicolae_temple_slightly_damp_pantheon

Skill      XL: |  1  2  3  4  5  6  7  8  9 |
---------------+----------------------------+-----
Spellcasting   | 3 4 5 6 7 9 |  9.2
Stealth        | 2 3 |  3.8
Fighting       | |  0.4
Armour         | |  0.9
Dodging        | |  2.5

Action                   |  1- 3 |  4- 6 |  7- 9 || total
-------------------------+-------+-------+-------++-------
Melee: Mace              |       |       |     3 ||     3
 Cast: Foxfire           |    54 |    76 |    59 ||   189
       Scorch            |    15 |    24 |    20 ||    59
       Inner Flame       |       |     9 |    31 ||    40
       Call Canine Famil |       |       |    13 ||    13
       Anguish           |       |       |     3 ||     3
  Use: Scroll            |       |     6 |     2 ||     8
 Stab: Sleeping          |       |       |     1 ||     1
Armor: Robe              |     1 |     4 |       ||     5
Dodge: Dodged            |     2 |     7 |     7 ||    16
Block: Buckler           |       |       |     1 ||     1
